 Dungeon Crawl Stone Soup version 0.10.2-40-g36e0077 character file.

52746 Mappo the Conjurer (level 14, -14/102 HPs)
             Began as a Naga Venom Mage on Aug 9, 2012.
             Was the Champion of Sif Muna.
             Demolished by an orc knight
             ... wielding a +0,+0 orcish battleaxe
              (28 damage)
             ... on Level 4 of the Orcish Mines on Aug 10, 2012.
             The game lasted 02:24:52 (27184 turns).

Mappo the Conjurer (Naga Venom Mage)               Turns: 27184, Time: 02:24:52

HP -14/102       AC  6     Str 10      XL: 14   Next: 48%
MP  22/43        EV 23     Int 21      God: Sif Muna [******]
Gold 1611        SH  0     Dex 17      Spells: 10 memorised,  3 levels left

Res.Fire  : . . .   See Invis. : +   (weapon currently unavailable)
Res.Cold  : . . .   Warding    : + . X - melded +2 animal skin {rF+}
Life Prot.: + . .   Conserve   : .   y - melded +0 dwarf shield
Res.Acid. : . . .   Res.Corr.  : .   V - melded +1 helmet
Res.Poison: x       Clarity    : .   (cloak currently unavailable)
Res.Elec. : .       Spirit.Shd : .   (gloves currently unavailable)
Sust.Abil.: . .     Stasis     : .   (no barding)
Res.Mut.  : .       Ctrl.Telep.: +   x - brooch of Shielding {unknown, Ward AC+4 EV Res.Rott. : . Levitation : . Y - ring of teleport control Saprovore : . . . Ctrl.Flight: . q - cursed ring of magical power

@: spider-form, confused, quick, quite resistant to hostile enchantments,
unstealthy
A: spit poison, (constrict 1), see invisible, (deformed body), (poison
resistance), (slowness 0)
a: Spit Poison, End Transformation, Channel Energy, Forget Spell, Renounce
Religion


You were on level 4 of the Orcish Mines.
You worshipped Sif Muna.
Sif Muna was exalted by your worship.
You were not hungry.
You were in spider-form.
You visited 3 branches of the dungeon, and saw 21 of its levels.
You visited 2 portal chambers: volcano, spiders nest.

You collected 1712 gold pieces.
You spent 121 gold pieces at shops.

Inventory:

Hand weapons
 C - a +0 blowgun
 K - a +3,+5 flail of protection
Missiles
 f - 31 +0 darts (quivered)
 B - 6 curare-tipped +0 needles
Armour
 h - a +1 robe of magic resistance
 y - a +0 dwarven shield (melded)
 V - a +1 helmet (melded)
 X - a +2 animal skin of fire resistance (melded)
Magical devices
 j - a wand of draining (0)
 k - a wand of cold (0)
 N - a wand of draining (0)
 P - a wand of paralysis (12) {unknown}
 U - a wand of disintegration (0)
Comestibles
 b - a lychee
 c - 2 bread rations
 g - 2 rotting chunks of iron troll flesh
 m - 3 chunks of orc flesh
 z - a banana
 H - 2 honeycombs
Scrolls
 t - a scroll of identify
 F - 2 scrolls of detect curse
 Q - 3 scrolls of remove curse
Jewellery
 e - an uncursed amulet of resist corrosion
 i - an uncursed ring of fire
 q - a cursed ring of magical power (left front leg)
 r - an uncursed amulet of controlled flight {unknown}
 v - an uncursed ring of invisibility
 x - the brooch of Shielding (around neck) {unknown, Ward AC+4 EV+4}
   (You found it on level 6 of the Lair of Beasts)

   [amulet of warding]

   It affects your AC (+4).
   It affects your evasion (+4).
   Back in the good old days, every adventurer had one of these handy devices.
   That, and a pony.
 A - an uncursed ring of protection from fire {unknown}
 L - an uncursed amulet of controlled flight {unknown}
 M - an uncursed ring of sustenance
 O - an uncursed amulet of warding
 Y - a ring of teleport control (right front leg)
Potions
 d - 3 potions of levitation
 l - 2 potions of brilliance
 G - 3 potions of restore abilities
 I - 2 potions of agility
 W - a potion of berserk rage
Magical staves
 a - a staff of energy


   Skills:
 - Level 1.5 Dodging
 - Level 3.3 Stealth
 - Level 9.0 Shields
 + Level 14.5 Spellcasting
 + Level 14.9 Conjurations
 - Level 6.4 Air Magic
 - Level 10.2 Poison Magic
 + Level 7.6 Invocations


You had 3 spell levels left.
You knew the following spells:

 Your Spells              Type           Power        Failure   Level  Hunger
a - Stone Arrow           Erth/Conj      ######.      4%          3    None
b - Orb of Destruction    Conj           #######...   24%         7    Honeycomb
c - Mephitic Cloud        Pois/Air/Conj  #######..    2%          3    None
d - Olgreb's Toxic Radia  Pois           #######..    4%          4    None
e - Venom Bolt            Pois/Conj      #######...   4%          5    Choko
f - Spider Form           Pois/Trmt      ######....   6%          3    None
g - Summon Scorpions      Pois/Summ      ######....   17%         4    None
h - Sting                 Pois/Conj      #####        1%          1    None
i - Poisonous Cloud       Pois/Air/Conj  #######...   24%         6    Honeycomb
j - Conjure Flame         Fire/Conj      ######...    4%          3    None


Dungeon Overview and Level Annotations

Branches:
Dungeon (9/27)             Temple (0/1) D:4             Orc (4/4) D:9
    Elf (0/5) Orc:4          Lair (8/8) D:9           Swamp (0/5) Lair:5
 Shoals (0/5) Lair:5        Slime (0/6) Lair:7

Altars:
Elyvilon
Makhleb
Sif Muna
Xom

Shops:
D:7: * D:9: (+*%[ Orc:2: * Orc:3: = Orc:4: ((?

Annotations
D:4 Menkaure
Orc:3 Nessos
Lair:7 exclusion: door


Innate Abilities, Weirdness & Mutations

You cannot wear boots.
You can spit poison.
((You can use your snake-like lower body to constrict enemies.))*
((Your serpentine skin is tough (AC +4).))*
You have supernaturally acute eyesight.
((Armour fits poorly on your strangely shaped body.))*
((Your system is resistant to poisons.))*
((You cover ground very slowly.))*


Message History

Okay, then.
The orc knight is engulfed in noxious fumes.
The orc knight appears confused.
You are engulfed in noxious fumes.
You choke on the stench!
You are more confused.
You are engulfed in noxious fumes.
You choke on the stench!
You are more confused.
* * * LOW HITPOINT WARNING * * *
The orc knight cries.
You're too confused!
You're too confused!
Casting: Mephitic Cloud
Confirm with . or Enter, or press ? or * to list all spells.
Okay, then.
Ouch! You are engulfed in noxious fumes.
* * * LOW HITPOINT WARNING * * *
The orc knight unwields an uncursed orcish crossbow.
The orc knight wields an orcish battleaxe.
The orc knight hits you with an orcish battleaxe!
You die...

...o..o...........#
#..............$..#
#......)o.......$##
##..#....#........#
##.......###o.....#
#.........###.....#
###.##..#.## ##§.§.#
.#..##.....# ###.§.#
...$.##...####.§so##
.....#....##......##
..$................#
.............#.....#
.....#..#...#...#.##
.....#.#...###.####
....#............
..................
..............##.


You could see an orc knight (confused) and an orc warrior (frenzied).

Vanquished Creatures
  Gastronok (D:9)
  Jozef (Lair:4)
  A hydra (Lair:8)
  18 death yaks
  The ghost of gilgaladt the Fencer, an experienced HEFi of Ashenzari (Port)
  An iron troll (Orc:4)
  A centaur warrior (D:5)
  Erolcha (Orc:1)
  2 emperor scorpions (Port)
  4 catoblepae
  3 orc knights
  A human (D:9)
  An orc sorcerer (Orc:2)
  A trapdoor spider (Port)
  2 elephant slugs
  4 black mambas
  6 wolf spiders (Port)
  An orange demon (Orc:1)
  A spiny frog (Lair:8)
  3 komodo dragons
  A queen bee (Lair:3)
  2 trolls
  A snapping turtle (Lair:5)
  5 blink frogs
  5 redbacks (Port)
  3 demonic crawlers (Port)
  A basilisk (D:9)
  20 yaks
  A grizzly bear (Lair:7)
  2 bumblebees
  3 hippogriffs
  4 vampire mosquitoes (Lair:5)
  Eustachio (Orc:1)
  A steam dragon (Lair:5)
  3 fire drakes
  A hog (Port)
  An item mimic (Orc:1)
  Edmund (D:4)
  2 manticores (Port)
  13 war dogs
  A black bear (Lair:1)
  3 jumping spiders (Port)
  21 orc warriors
  2 sky beasts
  A necrophage (D:8)
  An ice beast (D:6)
  2 boring beetles (Lair:8)
  8 ogres
  9 crocodiles
  Sigmund (D:2)
  14 centaurs
  14 giant frogs
  A wolf (Lair:1)
  5 giant slugs
  9 water moccasins
  6 agate snails
  2 big kobolds (D:9)
  9 tarantellas (Port)
  41 killer bees
  A goliath beetle (D:6)
  An electric eel (Lair:5)
  A big kobold zombie (D:9)
  A crimson imp (D:5)
  A hound skeleton (D:4)
  An iguana (D:8)
  18 orc priests
  8 worker ants
  8 porcupines
  16 scorpions
  14 hounds
  18 orc wizards
  6 orc zombies (Orc:2)
  38 sheep
  A worm zombie (D:7)
  A jelly (D:8)
  11 gnolls
  19 giant centipedes
  33 green rats
  17 adders
  8 giant mites
  4 worms
  2 grey rats
  A giant eyeball (D:6)
  An ooze (D:2)
  119 orcs
  10 giant cockroaches
  16 goblins
  11 hobgoblins
  9 jackals
  8 quokkas
  4 ball pythons
  13 bats
  5 giant geckos
  6 giant newts
  A giant spore (D:6)
  A hobgoblin skeleton (D:4)
  A hobgoblin zombie (D:6)
  20 kobolds
  3 orc skeletons
  A quokka zombie (D:7)
  18 rats
  A ballistomycete (D:6)
  4 butterflies (D:6)
  2 fungi (Lair:6)
  2 plants
  23 toadstools
783 creatures vanquished.

Vanquished Creatures (collateral kills)
  2 green rats (Lair:4)
2 creatures vanquished.

Vanquished Creatures (others)
  A troll (Orc:4)
  An orc warrior (D:6)
  A centaur (D:6)
  A giant frog (D:6)
  4 scorpions
  A worker ant (D:6)
  2 adders
  5 orcs
  2 goblins
  A hobgoblin (D:6)
  3 jackals
  A quokka (Lair:5)
  A kobold (D:9)
  A rat (D:6)
  A butterfly (D:6)
  10 fungi
  10 plants
  95 toadstools
141 creatures vanquished.

Grand Total: 926 creatures vanquished

Notes
Turn   | Place    | Note
--------------------------------------------------------------
     0 | D:1      | Mappo, the Naga Venom Mage, began the quest for the Orb.
     0 | D:1      | Reached XP level 1. HP: 15/15 MP: 3/3
   461 | D:1      | Reached XP level 2. HP: 22/22 MP: 1/4
   931 | D:1      | Learned a level 2 spell: Cure Poison
   937 | D:1      | Reached skill level 6 in Poison Magic
  1178 | D:2      | Reached XP level 3. HP: 15/28 MP: 0/6
  1370 | D:2      | Noticed Sigmund
  1385 | D:2      | Learned a level 3 spell: Mephitic Cloud
  1419 | D:2      | Killed Sigmund
  1419 | D:2      | Reached skill level 7 in Poison Magic
  1419 | D:2      | Reached XP level 4. HP: 36/36 MP: 0/8
  1656 | D:2      | Reached XP level 5. HP: 42/42 MP: 8/10
  2067 | D:3      | Found a deep blue altar of Sif Muna.
  2173 | D:3      | Became a worshipper of Sif Muna the Loreminder
  2399 | D:3      | Learned a level 4 spell: Olgreb's Toxic Radiance
  3282 | D:4      | Reached XP level 6. HP: 42/49 MP: 6/12
  3423 | D:4      | Noticed Edmund
  3443 | D:5      | Entered Level 5 of the Dungeon
  3580 | D:4      | Found a staircase to the Ecumenical Temple.
  3620 | D:4      | Killed Edmund
  3620 | D:4      | Acquired Sif Muna's first power
  3620 | D:4      | Reached skill level 8 in Poison Magic
  3620 | D:4      | Reached XP level 7. HP: 32/55 MP: 1/15
  3724 | D:4      | Noticed Menkaure
  4151 | D:5      | Noticed a centaur warrior
  4152 | D:5      | Noticed a wraith
  4187 | D:5      | Reached skill level 5 in Conjurations
  4601 | D:5      | Reached XP level 8. HP: 51/62 MP: 3/18
  5061 | D:5      | Killed a centaur warrior
  5061 | D:5      | Acquired Sif Muna's second power
  5061 | D:5      | Reached skill level 5 in Spellcasting
  5061 | D:5      | Reached skill level 9 in Poison Magic
  5173 | D:6      | Reached XP level 9. HP: 68/68 MP: 20/20
  5276 | D:6      | Found a white marble altar of Elyvilon.
  5327 | D:6      | Paralysed by a giant eyeball for 4 turns
  5743 | D:6      | Learned a level 5 spell: Venom Bolt
  5814 | D:6      | Found a shimmering altar of Xom.
  6037 | D:6      | Found a burning altar of Makhleb.
  6075 | D:6      | Noticed a bumblebee
  6087 | D:6      | Killed a bumblebee
  6087 | D:6      | Reached skill level 10 in Poison Magic
  6480 | D:7      | Found Skonypleelo's General Store.
  6962 | D:8      | Acquired Sif Muna's third power
  7281 | D:9      | Found Leing's Antique Weapon Boutique.
  7295 | D:9      | Reached XP level 10. HP: 60/75 MP: 2/22
  7554 | D:9      | Found Kaif's Armour Boutique.
  7561 | D:9      | Bought a +0 helmet for 45 gold pieces
  7575 | D:9      | Found Gra Fija's Food Boutique.
  7684 | D:9      | Reached skill level 10 in Conjurations
  7840 | D:9      | Found Imnawurirar's Assorted Antiques.
  7873 | D:9      | Found Wuesch's Book Emporium.
  7916 | D:9      | Noticed Gastronok
  7937 | D:9      | Killed Gastronok
  7937 | D:9      | Received a gift from Sif Muna
  7937 | D:9      | Reached skill level 11 in Conjurations
  7959 | D:9      | Got an antique book {god gift}
  7960 | D:9      | Identified Roxanne's Incunabulum of Transmutation {god gift} (Sif Muna gifted it to you on level 9 of the Dungeon)
  8054 | D:9      | Learned a level 3 spell: Spider Form
  8171 | D:9      | Found a staircase to the Lair.
  8232 | D:9      | Reached XP level 11. HP: 65/81 MP: 2/27
  8426 | D:9      | Found a staircase to the Orcish Mines.
  8610 | D:9      | Noticed a centaur skeleton
  8636 | D:9      | Bought a glowing whip for 62 gold pieces
  8661 | Lair:1   | Entered Level 1 of the Lair of Beasts
  9382 | Lair:1   | Found a dark tunnel.
  9396 | Volcano  | Entered a volcano
  9431 | Volcano  | Reached skill level 10 in Spellcasting
 10247 | Lair:2   | Received a gift from Sif Muna
 10248 | Lair:2   | Got a conspicuous book {god gift}
 10249 | Lair:2   | Identified Sif Muna's Reference Book on Poison {god gift} (Sif Muna gifted it to you on level 2 of the Lair of Beasts)
 10431 | Lair:2   | Reached skill level 1 in Shields
 10805 | Lair:3   | Reached skill level 1 in Air Magic
 11659 | Lair:3   | Learned a level 4 spell: Summon Scorpions
 11907 | Lair:4   | Noticed Jozef
 11916 | Lair:4   | Killed Jozef
 12217 | Lair:4   | Reached XP level 12. HP: 88/88 MP: 27/30
 12237 | Lair:4   | Learned a level 3 spell: Stone Arrow
 12541 | Lair:4   | Reached skill level 5 in Air Magic
 12712 | Lair:4   | Received a gift from Sif Muna
 12725 | Lair:4   | Got a black book {god gift}
 12726 | Lair:4   | Identified Lee's Guide on Conjuration {god gift} (Sif Muna gifted it to you on level 4 of the Lair of Beasts)
 13063 | Lair:5   | Found a staircase to the Swamp.
 13657 | Lair:5   | Reached skill level 5 in Shields
 14205 | Lair:5   | Found a staircase to the Shoals.
 14474 | Lair:5   | Learned a level 6 spell: Poisonous Cloud
 14569 | Lair:5   | Learned a level 3 spell: Conjure Flame
 14729 | Lair:6   | Reached skill level 12 in Spellcasting
 15400 | Lair:6   | Got a shield-shaped amulet
 16564 | Lair:7   | Found a staircase to the Slime Pits.
 16808 | Lair:7   | Received a gift from Sif Muna
 16811 | Lair:7   | Got a glistering book {god gift}
 16814 | Lair:7   | Identified Sif Muna's Advanced Guide to Sorcery {god gift} (Sif Muna gifted it to you on level 7 of the Lair of Beasts)
 17317 | Lair:8   | Entered Level 8 of the Lair of Beasts
 17400 | Lair:8   | Reached XP level 13. HP: 94/94 MP: 32/32
 17520 | Lair:8   | Found a deep blue altar of Sif Muna.
 17606 | Lair:8   | Reached skill level 13 in Spellcasting
 18446 | Lair:8   | Found a crumbling entrance.
 18454 | Spider   | Entered a spider's nest
 18882 | Spider   | Received a gift from Sif Muna
 18885 | Spider   | Got a droning book {god gift}
 18966 | Spider   | Identified Gloorx Vloq's Disquisition on Sinister Rituals {god gift} (Sif Muna gifted it to you in a spider's nest)
 19207 | Spider   | Learned a level 3 spell: Stone Arrow
 19215 | Spider   | Learned a level 7 spell: Orb of Destruction
 19293 | Spider   | Noticed gilgaladt's ghost (experienced HEFi)
 19309 | Spider   | Killed gilgaladt's ghost
 19765 | Lair:8   | Got a bloodstained glaive
 19932 | Lair:8   | Reached skill level 1 in Invocations
 20407 | Lair:8   | Reached skill level 14 in Conjurations
 20835 | Lair:8   | Reached skill level 5 in Invocations
 20835 | Lair:8   | Reached XP level 14. HP: 99/102 MP: 24/34
 20871 | Lair:8   | Got an ancient bow
 21159 | Lair:8   | Received a gift from Sif Muna
 21162 | Lair:8   | Got a blackened book {god gift}
 21163 | Lair:8   | Identified Sif Muna's Guide on Floating Confrontation {god gift} (Sif Muna gifted it to you on level 8 of the Lair of Beasts)
 21907 | Orc:1    | Entered Level 1 of the Orcish Mines
 22037 | Orc:1    | Noticed Eustachio
 22050 | Orc:1    | Killed Eustachio
 23292 | Orc:1    | Noticed Erolcha
 23298 | Orc:1    | Killed Erolcha
 23423 | Orc:2    | Found Klaoq's Assorted Antiques.
 23435 | Orc:2    | Found a burning altar of Makhleb.
 23549 | Orc:2    | Bought an embroidered robe for 14 gold pieces
 24761 | Orc:2    | Found a shimmering altar of Xom.
 24983 | Orc:3    | Found Otewk's Jewellery Emporium.
 25117 | Orc:4    | Entered Level 4 of the Orcish Mines
 25117 | Orc:4    | Found Ishemuac's Antique Weapon Shop.
 25648 | Orc:4    | Found Blumnigg's Antique Weapon Emporium.
 25672 | Orc:4    | Noticed an iron troll
 25685 | Orc:3    | Noticed Nessos
 25686 | Orc:3    | Noticed a two-headed ogre
 26305 | Orc:4    | Found a staircase to the Elven Halls.
 26855 | Orc:4    | Killed an iron troll
 27123 | Orc:4    | HP: 3/102 [orc warrior/orcish spear (5)]
 27151 | Orc:4    | Found Nuost's Magic Scroll Boutique.
 27184 | Orc:4    | Demolished by an orc knight
